 Dungeon Crawl Stone Soup version 0.27.1-1-g398f81649c (webtiles) character file.

Game seed: 12345197674272807366

163 nxtlvl the Ducker (level 5, -1/46 HPs)
             Began as a Minotaur Necromancer on Sept 10, 2021.
             Succumbed to a scorpion's poison
             ... on level 5 of the Dungeon.
             The game lasted 00:05:03 (692 turns).

nxtlvl the Ducker (Minotaur Necromancer)             Turns: 692, Time: 00:05:04

Health: -1/46      AC: 12    Str: 14    XL:     5   Next: 20%
Magic:  6/6        EV: 11    Int: 12    God:
Gold:   25         SH:  0    Dex: 10    Spells: 5/6 levels left

rFire    . . .     SeeInvis .   a - +1 short sword (protect)
rCold    . . .     Faith    .   (no shield)
rNeg     . . .     Spirit   .   c - +0 ring mail
rPois    .         Reflect  .   (helmet restricted)
rElec    .         Harm     .   (no cloak)
rCorr    .         Rampage  .   (no gloves)
Will     .....                  (no boots)
Stlth    +.........             (no amulet)
HPRegen  0.15/turn              (no ring)
MPRegen  0.10/turn              (no ring)

@: lethally poisoned (-1 -> -21), under a protective aura, hasted, very quick
A: horns 2, retaliatory headbutt
a: no special abilities


You were on level 5 of the Dungeon.
You visited 1 branch of the dungeon, and saw 6 of its levels.

You collected 25 gold pieces.

Inventory:

Hand Weapons
 a - a +1 short sword of protection (weapon)
Missiles
 h - 2 boomerangs (quivered)
Armour
 c - a +0 ring mail (worn)
 g - a +1 leather armour of fire resistance
Magical Staves
 d - a staff of cold
Scrolls
 b - a scroll of brand weapon {unknown}
 e - a scroll of teleportation {unknown}


   Skills:
 + Level 4.1 Fighting
 + Level 4.5 Dodging
 - Level 1.5 Stealth
 - Level 1.3 Spellcasting
 - Level 2.9 Necromancy


You had 5 spell levels left.
You knew the following spells:

 Your Spells              Type           Power      Damage    Failure   Level
a - Pain                  Necr           28%        1d5       19%         1

Your spell library contained the following spells:

 Spells                   Type           Power      Damage    Failure   Level
 Animate Skeleton         Necr           14%        N/A       19%         1
 Vampiric Draining        Necr           3%         2d6       47%         3
 Animate Dead             Necr           3%         N/A       87%         4
 Agony                    Necr           7%         N/A       99%         5


Dungeon Overview and Level Annotations

Branches:
Dungeon (6/15)
 Temple: D:4-7

Altars:
Hepliaklqana
Nemelex Xobeh
Qazlal
Ru

Annotations:
D:2 Natasha
D:4 Eustachio
D:6 2 transporters


Innate Abilities, Weirdness & Mutations

You have a pair of horns on your head.
You reflexively headbutt those who attack you in melee.


Message History

You throw a boomerang.
The boomerang closely misses the scorpion.
Throw: 2 boomerangs
Press: ? - help, Q - select action, (/) - cycle Shift-Dir - straight line, f/p - scorpion
Aim: a scorpion (57% to hit)
You throw a boomerang. The boomerang hits the scorpion.
The scorpion is lightly wounded.
The scorpion barely misses you.
You hit the scorpion.
Your weapon exudes an aura of protection.
You headbutt the scorpion, but do no damage.
The scorpion is moderately wounded.
The scorpion stings you but does no damage.
You barely miss the scorpion. Your headbutt misses the scorpion.
The scorpion is lightly wounded.
The scorpion stings you.
You are poisoned.
The scorpion poisons you! The scorpion stings you.
You are more poisoned.
The scorpion poisons you!
You hit the scorpion but do no damage.
The scorpion is lightly wounded.
You feel extremely sick. The scorpion stings you!
You are more poisoned.
The scorpion poisons you!
You closely miss the scorpion.
The scorpion is lightly wounded.
* * * LOW HITPOINT WARNING * * *
You feel extremely sick. The scorpion barely misses you.
You hit the scorpion. You headbutt the scorpion.
The scorpion is heavily wounded.
* * * LOW HITPOINT WARNING * * *
You feel extremely sick. The scorpion closely misses you.
You furiously retaliate!
You headbutt the scorpion.
The scorpion stings you but does no damage.
It was a potion of haste.
You feel yourself speed up.
You die...

.................# #.# ..#
...............### #.# ..# .##
...............# #.###..#....
...............# #.#.........
...............# #.#.........
...............# #...s.......
...............# ##.P.[......
.#.......#.##########..........
.#.#####.#......@s...._........
##.# ###.############.........#
##.# #...# #.P.###'#.# ##.#
#.##############...# '# ##†#
#...)....)........## ..... ##.#
################.## .....
##+##### #.# ...... .......#
#.# ...... .......# #.# #......


You could see a scorpion.

Vanquished Creatures
  A bullfrog zombie (D:5)
  A hound (D:5)
  A bullfrog skeleton (D:4)
  An iguana (D:5)
  An adder (D:5)
  A white imp (D:5)
  An ufetubus (D:5)
  2 orcs (D:5)
  A ball python (D:4)
  3 endoplasms
  A giant cockroach (D:3)
  A goblin (D:4)
  2 hobgoblins
  2 jackals (D:1)
  A kobold (D:3)
  A quokka (D:4)
  A frilled lizard (D:2)
  A rat (D:2)
23 creatures vanquished.

Notes
Turn   | Place    | Note
-------+----------+-------------------------------------------
     0 | D:1      | nxtlvl the Minotaur Necromancer began the quest for the
                  | Orb.
     0 | D:1      | Reached XP level 1. HP: 14/14 MP: 1/1
   209 | D:2      | Reached skill level 1 in Fighting
   272 | D:2      | Noticed Natasha
   278 | D:2      | Noticed a crimson imp
   325 | D:3      | Reached XP level 2. HP: 17/23 MP: 3/3
   388 | D:4      | Reached XP level 3. HP: 18/30 MP: 4/4
   416 | D:4      | Found a sparkling altar of Nemelex Xobeh.
   423 | D:4      | Found a sacrificial altar of Ru.
   424 | D:4      | Noticed Eustachio
   440 | D:5      | Entered Level 5 of the Dungeon
   482 | D:5      | Reached XP level 4. HP: 32/38 MP: 5/5
   491 | D:5      | Found a stormy altar of Qazlal.
   513 | D:5      | Noticed an ogre
   519 | D:6      | Found a transporter.
   524 | D:6      | Found a transporter.
   543 | D:5      | Found a hazy altar of Hepliaklqana.
   626 | D:5      | Reached XP level 5. HP: 32/46 MP: 6/6
   692 | D:5      | Succumbed to a scorpion's poison

Illustrated notes

Levels and vault maps discovered:
D:1:      giann_bridges, layout_basic
D:2:      layout_loops_ring, serial_shops, shop, ebering_ecumenical_altar_mist,
          uniq_natasha
D:3:      corexii_shack_village, layout_basic,
          nicolae_uskayaw_murder_on_the_dancefloor,
          mainiacjoe_overflow_surrounded_room
D:4:      layout_cave_pools, general_overflow_altar,
          mainiacjoe_overflow_big_doors, roderic_serpentine_path, uniq_eustachio
D:5:      layout_basic, lemuel_coloured_pillars_altar,
          mainiacjoe_overflow_paths, mainiacjoe_overflow_tiny_flanked,
          hangedman_decor_lopped
D:6:      gammafunk_steamed_eel, layout_rooms, minmay_misc_feat_square,
          ebering_dispersal_statue_hall

Skill      XL: |  1  2  3  4  5 |
---------------+----------------+-----
Fighting       | 1 2 3 4 |  4.1
Dodging        | 3 4 |  4.5
Stealth        | |  1.5
Spellcasting   | |  1.3
Necromancy     | |  2.9

Action                   |  1- 3 |  4- 6 || total
-------------------------+-------+-------++-------
Melee: Unarmed           |    51 |       ||    51
       Headbutt          |    11 |     6 ||    17
       Short sword       |    29 |    23 ||    52
Throw: Boomerang         |       |     3 ||     3
  Use: Potion            |       |     1 ||     1
Armor: Ring mail         |    24 |     8 ||    32
       Leather armour    |     8 |       ||     8
Dodge: Dodged            |    49 |    16 ||    65
